Map: [ESL] Alcyone

Players

ArT

  • Race: Protoss Protoss
  • Spawn Location: 7:00

milkicow - Winner!

  • Race: Terran Terran
  • Spawn Location: 1:00

Event: ESL SC2 Masters 2023 Winter (Regional)

VOD

Have the link to the VOD?

Description

Time

  • Played on: Nov. 4, 2023, 10:40 a.m.
  • Length: 9:51

All games in this series

Show
View Real Time Build Order
Export as new Build Order

ArT Protoss 

Build Orders: Oracle Opening, Phoenix Opening, Zealot Archon 

Get SALT Encoding   

  12  0:00  Probe  
  13  0:12  Probe  
  14  0:16  Pylon  
  14  0:24  Probe (Chrono Boost)  
  15  0:36  Gateway  
  15  0:38  Probe (Chrono Boost)  
  16  0:43  Assimilator  
  16  0:46  Probe (Chrono Boost)  
  17  0:52  Assimilator  
  17  0:55  Probe (Chrono Boost)  
  18  1:07  Probe (Chrono Boost)  
  19  1:14  Probe (Chrono Boost)  
  20  1:21  Probe  
  20  1:23  Cybernetics Core  
  21  1:34  Probe  
  21  1:35  Pylon  
  22  1:46  Probe  
  23  1:58  Probe  
  23  2:00  Stargate  
  24  2:02  Adept  
  24  2:04  Warp Gate  
  26  2:30  Probe, Pylon  
  27  2:40  Oracle (Chrono Boost)  
  27  2:42  Probe  
  31  2:52  Nexus  
  31  2:55  Probe  
  32  3:07  Probe  
  32  3:09  Phoenix (Chrono Boost)  
  35  3:19  Probe  
  36  3:21  Gateway  
  36  3:26  Pylon  
  36  3:32  Phoenix  
  38  3:35  Probe  
  39  3:47  Probe  
  40  3:56  Adept  
  40  3:57  Phoenix (Chrono Boost)  
  40  4:02  Probe  
  45  4:05  Probe  
  46  4:14  Probe  
  47  4:17  Adept, Phoenix (Chrono Boost), Probe  
  47  4:21  Adept  
  54  4:28  Probe  
  54  4:30  Probe  
  56  4:39  Twilight Council  
  56  4:40  Probe  
  56  4:42  Pylon  
  56  4:45  Phoenix  
  59  4:47  Probe  
  60  4:58  Nexus  
  60  5:02  Probe x2 (Chrono Boost)  
  62  5:10  Assimilator, Forge  
  62  5:12  Pylon  
  62  5:13  Charge (Chrono Boost)  
  62  5:20  Probe (Chrono Boost)  
  62  5:21  Probe (Chrono Boost)  
  64  5:27  Probe  
  64  5:28  Probe  
  64  5:31  Protoss Ground Armor Level 1 (Chrono Boost)  
  64  5:35  Zealot x2  
  70  5:39  Probe  
  70  5:40  Gateway, Probe  
  70  5:42  Gateway  
  72  5:51  Probe  
  73  5:58  Zealot x2  
  73  6:00  Probe  
  78  6:05  Templar Archives  
  78  6:10  Shield Battery, Probe  
  79  6:11  Probe  
  79  6:12  Shield Battery  
  79  6:16  Gateway  
  80  6:19  Zealot x2  
  80  6:23  Probe  
  80  6:24  Probe  
  86  6:25  Probe  
  87  6:36  Zealot  
  87  6:38  Zealot  
  87  6:39  Probe x2  
  93  6:43  Blink, Pylon x2  
  93  6:50  Pylon  
  93  6:53  Pylon  
  95  7:01  Probe x2  
  95  7:03  High Templar x2  
  95  7:04  Zealot x2  
  95  7:07  Pylon, Probe  
  95  7:08  Assimilator, Archon  
  104  7:12  Zealot, Pylon  
  104  7:13  Probe  
  104  7:15  Pylon  
  107  7:16  Robotics Facility, Protoss Ground Weapons Level 1 (Chrono Boost)  
  107  7:17  Pylon  
  107  7:28  Zealot x2  
  107  7:37  Probe  
  107  7:41  Probe  
  107  7:42  Nexus  
  107  7:43  Pylon  
  109  7:46  Probe  
  109  7:49  Photon Cannon  
  109  7:50  High Templar x2  
  114  7:51  Zealot x2  
  114  7:53  Pylon  
  114  7:55  Archon  
  118  8:01  Probe  
  118  8:05  Pylon  
  117  8:09  Zealot  
  117  8:11  Gateway  
  117  8:12  Zealot x2  
  124  8:18  Gateway x2  
  119  8:28  Zealot x2  
  119  8:30  Zealot  
  97  8:39  Zealot  
  97  8:40  Zealot  
  79  8:47  Gateway  
  77  8:50  Stalker x3  
  83  9:03  High Templar  
  83  9:04  Probe  
  83  9:06  Gateway  
  83  9:08  Zealot  
  88  9:10  Pylon, Probe  
  89  9:19  High Templar  
  89  9:20  Zealot x3  
  91  9:28  Probe  
  91  9:29  Zealot  
  82  9:37  Zealot  
  70  9:44  Zealot x4  
Show
View Real Time Build Order
Export as new Build Order

milkicow Terran - Winner!

Build Orders: Cyclone Opening 

Get SALT Encoding   

  12  0:00  SCV  
  13  0:12  SCV  
  14  0:17  Supply Depot  
  14  0:24  SCV  
  15  0:38  SCV  
  15  0:40  Barracks  
  16  0:43  Refinery  
  16  0:50  SCV  
  17  1:03  SCV  
  18  1:15  SCV  
  19  1:27  Orbital Command  
  19  1:36  Command Center  
  19  1:39  Marine  
  20  1:51  Factory  
  20  1:56  SCV  
  21  2:08  Bunker  
  21  2:09  SCV  
  21  2:14  Barracks Reactor  
  22  2:18  Supply Depot  
  22  2:21  SCV  
  23  2:30  Engineering Bay  
  23  2:40  Cyclone, SCV  
  23  2:43  Refinery  
  26  2:49  Orbital Command  
  26  2:50  Marine  
  27  2:52  Marine, SCV  
  29  3:01  Starport  
  29  3:06  SCV  
  29  3:08  Marine  
  29  3:09  Orbital Command  
  29  3:10  Marine  
  32  3:14  Widow Mine  
  32  3:18  SCV  
  35  3:22  Supply Depot  
  35  3:26  Marine  
  36  3:28  Marine  
  36  3:30  SCV  
  38  3:34  SCV  
  38  3:36  Widow Mine  
  38  3:37  Medivac  
  43  3:43  SCV  
  43  3:46  Marine x2  
  43  3:47  SCV  
  47  3:53  Bunker  
  47  3:55  Barracks  
  47  3:57  SCV  
  47  3:59  SCV  
  49  4:04  Supply Depot  
  49  4:05  Factory Tech Lab  
  49  4:09  Starport Tech Lab  
  49  4:12  SCV  
  49  4:13  SCV  
  49  4:16  Marine  
  52  4:18  Marine  
  52  4:24  SCV  
  54  4:25  SCV  
  58  4:35  Barracks  
  58  4:36  SCV  
  58  4:38  SCV, Engineering Bay  
  53  4:40  Starport Reactor  
  53  4:43  Factory Reactor  
  52  4:48  SCV  
  52  4:49  Marine x2  
  52  4:50  SCV  
  52  4:51  Engineering Bay  
  52  4:52  Supply Depot, Refinery  
  56  4:55  Marine  
  57  5:00  SCV  
  57  5:02  SCV  
  57  5:04  Stimpack  
  57  5:05  Terran Infantry Weapons Level 1  
  57  5:06  Supply Depot  
  59  5:07  Marine x2  
  59  5:12  SCV  
  59  5:13  Marine  
  63  5:14  SCV  
  63  5:16  Supply Depot  
  63  5:22  Medivac  
  63  5:24  SCV  
  63  5:25  Marine x2  
  63  5:26  Medivac  
  63  5:31  SCV  
  62  5:36  SCV  
  62  5:38  Missile Turret  
  62  5:41  Marine  
  63  5:43  Marine  
  63  5:44  Widow Mine  
  63  5:45  Widow Mine  
  63  5:48  Marine  
  69  5:58  Marine  
  69  5:59  Marine  
  69  6:00  Marine  
  69  6:01  Medivac  
  69  6:02  Medivac  
  69  6:03  SCV  
  78  6:04  SCV  
  78  6:07  Widow Mine x2  
  81  6:12  Supply Depot  
  81  6:14  Marine  
  81  6:16  Combat Shield  
  82  6:23  Command Center, Marauder  
  84  6:26  Marauder  
  84  6:31  Marine  
  86  6:34  Widow Mine  
  86  6:36  Supply Depot, Marine  
  86  6:40  SCV  
  86  6:45  Marauder  
  89  6:47  Barracks  
  89  6:48  Barracks, Marine  
  89  6:49  Marine, Widow Mine  
  93  6:56  Marine, Supply Depot  
  93  6:58  Supply Depot  
  93  6:59  Widow Mine  
  96  7:03  Terran Infantry Armor Level 1  
  96  7:06  Marine x2  
  96  7:07  SCV  
  99  7:09  SCV  
  99  7:10  Marine  
  99  7:14  Marine, Supply Depot  
  102  7:18  Widow Mine  
  102  7:20  Medivac  
  106  7:23  Marine, Supply Depot  
  106  7:24  Marine  
  106  7:26  Widow Mine  
  106  7:27  Marine  
  106  7:29  SCV  
  113  7:32  Marine  
  113  7:34  Medivac  
  113  7:37  Orbital Command  
  113  7:39  Widow Mine, Marine x2  
  113  7:41  Marine  
  113  7:42  Marine  
  117  7:45  Marine  
  117  7:49  Widow Mine  
  117  7:50  Marine  
  120  7:53  Supply Depot  
  120  7:57  Marine x2  
  122  7:59  Marine x2  
  122  8:03  Marine  
  125  8:06  SCV  
  125  8:08  Marine  
  125  8:11  SCV  
  125  8:12  SCV  
  128  8:17  Marauder  
  128  8:18  Marauder  
  132  8:22  Medivac  
  132  8:24  Marine  
  134  8:30  Marine  
  134  8:34  SCV, Marine  
  118  8:35  Marine  
  118  8:39  Marauder x2  
  118  8:40  SCV x2  
  100  8:42  Marine  
  100  8:46  SCV  
  100  8:48  Marine  
  99  8:51  Marine  
  99  8:53  Marine  
  100  9:00  Marauder, Marine x2  
  100  9:01  SCV x2  
  104  9:05  Marine  
  104  9:06  SCV  
  104  9:09  Marine  
  107  9:10  Marine  
  107  9:13  SCV x2  
  107  9:18  SCV, Marine  
  107  9:20  Marine  
  107  9:21  Marine  
  107  9:23  Marine  
  109  9:27  Marine  
  109  9:28  Marine, SCV  
  109  9:29  SCV  
  105  9:35  SCV  
  103  9:43  Refinery  
Tags
 
Add a new tag
Caveats
  • Supply blocks, unpowered buildings, or Contaminate may cause inaccurate times.
  • Supply counts are checked every 10 seconds.